 Dungeon Crawl Stone Soup version 0.30-b1-2-g02819fbbbe (webtiles) character file.

Game seed: 11994457503582475230

331 funkygono the Chopper (level 6, -4/56 HPs)
             Began as a Minotaur Fighter on May 24, 2023.
             Was an Initiate of Okawaru.
             Slain by Blork the orc
             ... wielding a +0 hand axe
              (5 damage)
             ... on level 4 of the Dungeon.
             The game lasted 00:03:40 (2896 turns).

funkygono the Chopper (Minotaur Fighter)            Turns: 2896, Time: 00:03:41

Health: -4/56      AC:  9    Str: 23    XL:     6   Next: 26%
Magic:  5/5        EV:  8    Int:  5    God:    Okawaru [......]
Gold:   179        SH:  4    Dex:  9    Spells: 5/5 levels left

rFire   . . .        a - +1 war axe
rCold   . . .        c - +0 buckler
rNeg    . . .        t - +0 chain mail
rPois   .            (helmet restricted)
rElec   .            (no cloak)
rCorr   .            (no gloves)
SInv    .            (no boots)
Will    .....        (no amulet) Stlth
                     (no ring)
HPRegen 0.29/turn    (no ring)
MPRegen 0.09/turn

%: no passive effects
@: no status effects
A: horns 2, retaliatory headbutt
a: Renounce Religion


You were on level 4 of the Dungeon.
You worshipped Okawaru.
Okawaru was noncommittal.
You visited 1 branch of the dungeon, and saw 4 of its levels.

You collected 179 gold pieces.

Inventory:

Hand Weapons
 a - a +1 war axe (weapon)
Armour
 b - a +0 scale mail
 c - a +0 buckler (worn)
 t - a +0 chain mail (worn)
Jewellery
 s - an amulet of faith
 v - a +6 ring of strength
Wands
 r - a wand of quicksilver (1)
Scrolls
 e - a scroll of magic mapping
 g - 2 scrolls of identify
 i - a scroll of poison {unknown}
 o - a scroll of teleportation
Potions
 d - 2 potions of might
 f - a potion of mutation
 h - a potion of flight
 j - a potion of cancellation {unknown}
 m - a potion of berserk rage
 n - 2 potions of attraction {unknown}
 p - a potion of brilliance {unknown}
 u - a potion of degeneration {unknown}


   Skills:
 + Level 5.1 Fighting
 + Level 5.5 Axes
 + Level 5.2 Armour
 + Level 0.7 Dodging
 + Level 0.1 Stealth
 + Level 4.2 Shields


You had 5 spell levels left.
You didn't know any spells.
Your spell library contained the following spells:

 Spells                   Type           Power      Damage    Failure   Level
 Freeze                   Ice            0%         1d3       98%         1
 Sting                    Tmut/Pois      0%         1d3       98%         1
 Poisonous Vapours        Pois/Air       0%         N/A       99%         2
 Frozen Ramparts          Ice            0%         1d1       100%        3
 Hailstorm                Conj/Ice       0%         3d3       100%        3
 Olgreb's Toxic Radiance  Pois           0%         N/A       100%        4


Dungeon Overview and Level Annotations

Branches:
Dungeon (4/15)
 Temple: D:4-7

Altars:
Ashenzari
Fedhas
Okawaru
Vehumet

Annotations:
D:4 Blork the orc


Innate Abilities, Weirdness & Mutations

You have a pair of horns on your head.
You reflexively headbutt those who attack you in melee.


Message History

Okawaru accepts your kill.
You see here a +0 club.
j - a lumpy purple potion You now have 179 gold pieces (gained 8).
Blork the orc comes into view.
He is wielding a +0 hand axe.
Blork the orc shouts!
Blork the orc drinks a potion.
Blork the orc flickers and vanishes!
Deactivating autopickup; reactivate with Ctrl-A.
There is a strange disturbance nearby!
You hear some strange, mumbled words.
Found a scroll labelled HAUMMI VOMNI.
Something hits you!
You slash something!
You hear some strange, mumbled words.
A magic dart appears from out of thin air!
The magic dart hits you. Something hits you but does no damage.
You miss something. Something hits you. x2
You miss something.
You hear some strange, mumbled words.
A puff of frost appears from out of thin air!
The puff of frost hits you. Something hits you.
You miss something. Something hits you. Something hits you but does no damage.
You closely miss something. Your headbutt misses something. Something hits you.
You block something's attack.
You completely miss something. Something hits you.
* * * LOW HITPOINT WARNING * * *
Something hits you.
* * * LOW HITPOINT WARNING * * *
You closely miss something. Something hits you.
* * * LOW HITPOINT WARNING * * *
Something hits you but does no damage.
You closely miss something. Something hits you.
* * * LOW HITPOINT WARNING * * *
Something hits you.
* * * LOW HITPOINT WARNING * * *
You barely miss something. Something hits you.
* * * LOW HITPOINT WARNING * * *
You miss something. Something hits you.
* * * LOW HITPOINT WARNING * * *
Something hits you.
You die...

#.########.#
#.# #.# #.#
#.#######
#.#
#.......#
#.#
#.##.##.#
...
#.......#
#.......#
#.#...#.#
#......@#
#......{#
#.#...#.#
#.......#
#.......#
#.#...#.#
#.......#
?......#


There were no monsters in sight!

Vanquished Creatures
  Sigmund (D:3)
  An iguana (D:4)
  3 gnolls (D:2)
  An adder (D:3)
  An ufetubus (D:4)
  A worm (D:1)
  4 orcs (D:3)
  4 ball pythons
  5 bats
  8 endoplasms
  7 giant cockroaches (D:1)
  5 goblins
  8 hobgoblins
  4 jackals (D:1)
  3 quokkas
  A frilled lizard (D:2)
  7 kobolds
  22 rats
86 creatures vanquished.

Notes
Turn   | Place    | Note
-------+----------+-------------------------------------------
     0 | D:1      | funkygono the Minotaur Fighter began the quest for the Orb.
     0 | D:1      | Reached XP level 1. HP: 19/19 MP: 0/0
     1 | D:1      | Found a runed translucent door.
   185 | D:1      | Reached XP level 2. HP: 27/27 MP: 1/1
   547 | D:1      | Found a faded altar of an unknown god.
   661 | D:1      | Reached XP level 3. HP: 26/33 MP: 2/2
  1273 | D:2      | Reached XP level 4. HP: 33/40 MP: 3/3
  1623 | D:3      | Identified the +6 leather armour "Fuageaf" {+Inv}
  1719 | D:3      | Noticed Sigmund
  1738 | D:3      | Killed Sigmund
  1739 | D:3      | Reached skill level 5 in Axes
  1739 | D:3      | Reached skill level 5 in Armour
  1739 | D:3      | Reached XP level 5. HP: 16/47 MP: 4/4
  1739 | D:3      | Reached XP level 6. HP: 19/55 MP: 5/5
  2102 | D:3      | Found a radiant altar of Vehumet.
  2266 | D:3      | Reached skill level 5 in Fighting
  2380 | D:3      | Found a broken altar of Ashenzari.
  2381 | D:3      | Found an iron altar of Okawaru.
  2385 | D:3      | Found a blossoming altar of Fedhas.
  2389 | D:3      | Became a worshipper of Warmaster Okawaru
  2882 | D:4      | Noticed Blork the orc
  2896 | D:4      | HP: 1/56 [something (3)]
  2896 | D:4      | Slain by Blork the orc

Illustrated notes

Levels and vault maps discovered:
D:1:      dpeg_arrival_caged_fury, layout_loops_cross,
          dilly_ecumenical_altar_fadedgnrine,
          hangedman_abyss_or_decor_lesser_grid
D:2:      layout_loops_ring, minmay_rat_hole
D:3:      layout_loops_ring, nicolae_vehumet_altar_sigil, minitemple,
          uniq_sigmund
D:4:      kennysheep_spiral_hall, layout_loops_ring, temple_hall, serial_shops,
          shop, uniq_blork_the_orc

Skill      XL: |  1  2  3  4  5  6 |
---------------+-------------------+-----
Armour         | 4 5 |  5.2
Fighting       | 4 5 |  5.1
Shields        | 4 |  4.2
Axes           | 3 5 |  5.5
Dodging        | |  0.7
Stealth        | |  0.1

Action                     |  1- 3 |  4- 6 || total
---------------------------+-------+-------++-------
  Melee: War axe           |    84 |    92 ||   176
         Headbutt          |    11 |     8 ||    19
    Use: Scroll            |       |    11 ||    11
 Armour: Scale mail        |    40 |    18 ||    58
         Chain mail        |       |    23 ||    23
  Dodge: Dodged            |    39 |    29 ||    68
  Block: Buckler           |    15 |    23 ||    38
